 Dungeon Crawl Stone Soup version 0.28.0-49-g6dfe1f597d (webtiles) character file.

Game seed: 15169150915132148541

1056 nickcage the Tainter (level 8, -2/36 HPs)
             Began as a Spriggan Venom Mage on May 18, 2022.
             Was an Initiate of Vehumet.
             Slain by an orange demon (12 damage)
             ... summoned by a kobold demonologist
             ... on level 5 of the Dungeon.
             The game lasted 00:14:52 (6395 turns).

nickcage the Tainter (Spriggan Venom Mage)          Turns: 6395, Time: 00:14:53

Health: -2/36      AC:  3    Str:  4    XL:     8   Next: 6%
Magic:  5/13       EV: 17    Int: 18    God:    Vehumet [......]
Gold:   151        SH:  0    Dex: 16    Spells: 3/13 levels left

rFire   . . .      SeeInvis +   f - +2 dagger (flame)
rCold   . . .      Faith    .   (no shield)
rNeg    . . .      Spirit   .   a - +0 robe
rPois   .          Reflect  .   i - +1 hat
rElec   .          Harm     .   (no cloak)
rCorr   .          Rampage  .   (gloves unavailable)
Will    +....                   (boots unavailable)
Stlth   ++........              (no amulet)
HPRegen 0.12/turn               (no ring)
MPRegen 0.13/turn               (no ring)

@: mighty, very slightly contaminated, very quick
A: very small, no large weapons, unfitting armour, see invisible, speed 3
a: Renounce Religion


You were on level 5 of the Dungeon.
You worshipped Vehumet.
Vehumet was noncommittal.
You visited 2 branches of the dungeon, and saw 6 of its levels.

You collected 256 gold pieces.
You spent 105 gold pieces at shops.

Inventory:

Hand Weapons
 c - a +0 vorpal dagger
 f - a +2 dagger of flaming (weapon)
Armour
 a - a +0 robe (worn)
 i - a +1 hat (worn)
Magical Staves
 g - a staff of fire
Wands
 m - a wand of iceblast (12)
Scrolls
 b - 4 scrolls of identify
 h - 3 scrolls of blinking
 l - 2 scrolls of teleportation
Potions
 d - a potion of might
 e - a potion of flight {unknown}
 j - 2 potions of degeneration
 k - a potion of curing


   Skills:
 + Level 4.0 Short Blades
 - Level 2.6 Dodging
 - Level 3.0 Stealth
 - Level 3.0 Spellcasting
 - Level 2.1 Transmutations
 - Level 9.0 Poison Magic


You had 3 spell levels left.
You knew the following spells:

 Your Spells              Type           Power      Damage    Failure   Level
a - Sting                 Tmut/Pois      88%        1d7       1%          1
b - Poisonous Vapours     Pois/Air       36%        N/A       3%          2
c - Mephitic Cloud        Conj/Pois/Air  13%        N/A       14%         3
d - Olgreb's Toxic Radia  Pois           35%        N/A       4%          4

Your spell library contained the following spells:

 Spells                   Type           Power      Damage    Failure   Level
 Inner Flame              Hex/Fire       2%         N/A       43%         3
 Cause Fear               Hex            1%         N/A       85%         4
 Discord                  Hex            1%         N/A       100%        8


Dungeon Overview and Level Annotations

Branches:
Dungeon (5/15)             Temple (1/1) D:5

Altars:
Ashenzari
Cheibriados
Dithmenos
Elyvilon
Gozag
Hepliaklqana
Kikubaaqudgha
Makhleb
Nemelex Xobeh
Qazlal
Sif Muna
Trog
Vehumet
Xom
Zin
The Shining One

Shops:
D:3 ?

Annotations:
D:4 Pikel


Innate Abilities, Weirdness & Mutations

You are very small and have problems with some larger weapons.
You are too small for most types of armour.
You have supernaturally acute eyesight. (SInv)
You cover ground extremely quickly. (Speed+++)


Message History

The shadow imp disappears in a puff of smoke!
The sting hits the kobold demonologist but does no damage.
The kobold demonologist is poisoned.
The kobold demonologist gestures wildly while chanting.
You miscast Sting.
You are very lightly contaminated with residual magic.
Nothing appears to happen.
The kobold demonologist hits you with a +0 dagger.
The orange demon completely misses you. The orange demon closely misses you.
The sting hits the kobold demonologist.
The kobold demonologist looks even sicker.
The kobold demonologist is lightly wounded.
The kobold demonologist closely misses you.
The orange demon stings you.
You are lethally poisoned!
The orange demon poisons you! The orange demon misses you.
You hit the kobold demonologist. You burn the kobold demonologist.
The kobold demonologist is moderately wounded.
You feel very sick.
The kobold demonologist hits you with a +0 dagger.
* * * LOW HITPOINT WARNING * * *
It was a potion of might.
You feel very mighty all of a sudden.
* * * LOW HITPOINT WARNING * * *
You feel very sick. The orange demon barely misses you.
The orange demon hits you but does no damage.
The kobold demonologist hits you with a +0 dagger.
* * * LOW HITPOINT WARNING * * *
It was a potion of curing.
You feel better. The orange demon closely misses you.
The orange demon completely misses you.
The kobold demonologist closely misses you.
You hit the kobold demonologist. You burn the kobold demonologist.
The kobold demonologist is moderately wounded.
The orange demon closely misses you. The orange demon hits you.
* * * LOW HITPOINT WARNING * * *
You closely miss the kobold demonologist.
The kobold demonologist is moderately wounded.
The kobold demonologist misses you. The orange demon stings you!
You die...

....# ###### #....#
#...#...... ....#
##....###.88.####...#......
....#
#.####..#.88.#......#.#...#
....# #.#
#..'....#......#......
....# #.#
#########......#......
....# #.####.†..##
#......#.#...# ....#
##....####.# ####...#......
....# #########4#
#...#...... #####
#$=##.Z##@# #..........
#$[##K.##K# ####.......
###..##.Z## #....... #K
#.5# #....... ### ####
#....... #....... #.......
########


You could see an orange demon (summoned), a kobold demonologist (poisoned), an
iron imp (summoned) and a bullfrog skeleton.

Vanquished Creatures
  A sky beast (D:5)
  2 ogres (D:5)
  3 ice beasts (D:5)
  A centaur (D:5)
  2 scorpions (D:5)
  2 iguanas (D:5)
  A bullfrog skeleton (D:5)
  2 scorpion zombies (D:5)
  A howler monkey skeleton (D:4)
  5 adders
  4 gnolls (D:4)
  A shadow imp (D:5)
  2 worms
  A dart slug (D:1)
  An orc (D:3)
  4 ball pythons
  6 bats
  3 endoplasms
  4 giant cockroaches
  3 goblins (D:2)
  9 hobgoblins
  10 jackals
  7 kobolds
  5 quokkas
  3 frilled lizards
  4 rats
87 creatures vanquished.

Notes
Turn   | Place    | Note
-------+----------+-------------------------------------------
     0 | D:1      | nickcage the Spriggan Venom Mage began the quest for the
                  | Orb.
     0 | D:1      | Reached XP level 1. HP: 9/9 MP: 5/5
   302 | D:1      | Found a faded altar of an unknown god.
   332 | D:1      | Reached XP level 2. HP: 13/13 MP: 4/6
   986 | D:1      | Reached XP level 3. HP: 16/16 MP: 6/8
   994 | D:1      | Learned a level 2 spell: Poisonous Vapours
   998 | D:1      | Learned a level 3 spell: Mephitic Cloud
  1300 | D:1      | Reached skill level 4 in Poison Magic
  2197 | D:3      | Found Ediam's Magic Scroll Shop.
  2278 | D:3      | Bought a scroll of enchant weapon for 105 gold pieces
  2843 | D:3      | Reached XP level 4. HP: 19/21 MP: 0/9
  3307 | D:4      | Reached skill level 5 in Poison Magic
  3706 | D:4      | Reached XP level 5. HP: 4/24 MP: 6/10
  3737 | D:4      | Learned a level 4 spell: Olgreb's Toxic Radiance
  4062 | D:4      | Noticed Pikel
  4062 | D:4      | Noticed a lemure
  4062 | D:4      | Noticed a lemure
  4062 | D:4      | Noticed a lemure
  4062 | D:4      | Noticed a lemure
  4062 | D:4      | Noticed a phantom
  4105 | D:5      | Entered Level 5 of the Dungeon
  4120 | D:5      | Noticed an ogre
  4135 | D:5      | Killed an ogre
  4136 | D:5      | Reached skill level 6 in Poison Magic
  4327 | D:5      | Reached XP level 6. HP: 28/28 MP: 6/11
  4415 | D:5      | Noticed an ice beast
  4454 | D:5      | Killed an ice beast
  4455 | D:5      | Reached skill level 1 in Short Blades
  4455 | D:5      | Reached skill level 7 in Poison Magic
  5262 | D:5      | Reached XP level 7. HP: 32/32 MP: 6/12
  5345 | D:5      | Reached skill level 8 in Poison Magic
  5626 | D:5      | Reached skill level 9 in Poison Magic
  5838 | D:5      | Found a staircase to the Ecumenical Temple.
  5847 | Temple   | Entered the Ecumenical Temple
  6024 | Temple   | Became a worshipper of Vehumet
  6137 | D:5      | Reached XP level 8. HP: 36/36 MP: 6/13
  6209 | D:5      | Noticed a kobold demonologist
  6389 | D:5      | Noticed an orange demon
  6395 | D:5      | Slain by an orange demon

Illustrated notes

Levels and vault maps discovered:
D:1:      minmay_arrival_nine_rooms, layout_basic,
          shapermc_ecumenical_altar_totnotflames
D:2:      layout_loops_ring
D:3:      layout_loops_cross, serial_shops, shop_statue
D:4:      layout_loops_corners, minitemple, uniq_pikel, uniq_robin
D:5:      minmay_chambers_of_fours, layout_basic, temple_hall,
          chequers_arboretum
Temple:   nicolae_temple_elliptical

Skill      XL: |  1  2  3  4  5  6  7  8 |
---------------+-------------------------+-----
Spellcasting   | 3 |  3.0
Transmutations | 2 |  2.1
Poison Magic   | 4 5 6 7 9 |  9.0
Short Blades   | 1 3 4 |  4.0
Dodging        | |  2.6
Stealth        | |  3.0

Action                   |  1- 3 |  4- 6 |  7- 9 || total
-------------------------+-------+-------+-------++-------
Melee: Unarmed           |     4 |       |       ||     4
       Dagger            |    57 |    50 |    39 ||   146
 Cast: Sting             |    80 |    68 |    58 ||   206
  Use: Scroll            |     9 |       |       ||     9
       Potion            |       |       |     2 ||     2
 Stab: Sleeping          |    11 |     2 |       ||    13
Armor: Robe              |     5 |     6 |     6 ||    17
Dodge: Dodged            |    62 |    60 |    63 ||   185
